 Dungeon Crawl Stone Soup version 0.18.1-8-gdd0e5ea (console) character file.

84 Kloppie the Chopper (level 4, 0/39 HPs)
             Began as a Minotaur Gladiator on June 7, 2016.
             Slain by Robin
             ... wielding a +0 trident
              (3 damage)
             ... on level 2 of the Dungeon.
             The game lasted 00:02:55 (1262 turns).

Kloppie the Chopper (Minotaur Gladiator)            Turns: 1262, Time: 00:02:55

Health: 0/39       AC:  5    Str: 19    XL:     4   Next: 24%
Magic:  3/3        EV: 12    Int:  5    God:
Gold:   110        SH:  0    Dex: 12    Spells: 0 memorised, 3 levels left

rFire  . . .     SeeInvis .     a - +0 war axe
rCold  . . .     Gourm    .     o - +0 ring mail
rNeg   . . .     Faith    .     (no shield)
rPois  .         Spirit   .     c - +0 hat
rElec  .         Dismiss  .     (no cloak)
rCorr  .         Reflect  .     (no gloves)
SustAt .         Harm     .     (no boots)
MR     .....                    (no amulet)
Stlth  +.........               (no ring)
                                (no ring)

@: not resistant to hostile enchantments, very unstealthy
A: retaliatory headbutt, horns 2
a: no special abilities


You were on level 2 of the Dungeon.
You were not hungry.

You visited 1 branch of the dungeon, and saw 2 of its levels.

You collected 110 gold pieces.

Inventory:

Hand Weapons
 a - a +0 war axe (weapon)
Missiles
 d - 2 throwing nets (quivered)
Armour
 c - a +0 hat (worn)
 o - a +0 ring mail (worn)
Jewellery
 h - a +5 ring of evasion {unknown}
 j - an uncursed ring of sustain attributes {unknown}
 k - an uncursed amulet of guardian spirit {unknown}
Scrolls
 b - a scroll of recharging {unknown}
 e - a scroll of remove curse {unknown}
 g - a scroll of enchant armour {unknown}
 i - a scroll of fear {unknown}
 l - a scroll of blinking {unknown}
Potions
 p - a potion of flight {unknown}
Comestibles
 f - 2 bread rations
 m - 2 chunks of flesh
 n - a royal jelly


   Skills:
 + Level 3.6 Fighting
 + Level 4.5 Axes
 - Level 2.0 Throwing
 + Level 4.3 Dodging


You had 3 spell levels left.
You didn't know any spells.

Dungeon Overview and Level Annotations

Branches:
Dungeon (2/15)

Altars:

Annotations:
D:2 Robin


Innate Abilities, Weirdness & Mutations

You reflexively headbutt those who attack you in melee.
You have a pair of horns on your head.


Message History

You kill the goblin!
Robin throws the goblin at you! The goblin closely misses you.
The hobgoblin barely misses you.
Drink which item? (? for menu, Esc to quit)
Okay, then.
You barely miss the goblin. Your headbutt misses the goblin.
You hit the hobgoblin but do no damage. The goblin completely misses you.
You furiously retaliate!
You headbutt the goblin.
You kill the goblin!
Robin hits you from afar with a trident.
* * * LOW HITPOINT WARNING * * *
The hobgoblin hits you but does no damage.
You slash the hobgoblin!
You kill the hobgoblin!
Robin hits you from afar with a trident.
* * * LOW HITPOINT WARNING * * *
You hit the hobgoblin.
The hobgoblin is lightly wounded.
Robin hits you from afar with a trident.
You die...

#............
#............
#............
#............
####...<........
................ #####
####............
..#!..g######....###...##
......†g@).............#
..#...†###############.#
#.... #.+ #.... ## #....
#.... #.... #####


You could see Robin and a hobgoblin.

Vanquished Creatures
  A gnoll (D:1)
  An adder (D:2)
  An ooze (D:1)
  A giant cockroach (D:2)
  14 goblins
  9 hobgoblins
  8 jackals (D:1)
  5 kobolds
  2 ball pythons (D:1)
  3 bats (D:1)
  A giant newt (D:1)
  6 rats
52 creatures vanquished.

Notes
Turn   | Place    | Note
--------------------------------------------------------------
     0 | D:1      | Kloppie the Minotaur Gladiator began the quest for the Orb.
     0 | D:1      | Reached XP level 1. HP: 18/18 MP: 0/0
    85 | D:1      | Reached XP level 2. HP: 12/25 MP: 1/1
   623 | D:1      | Reached XP level 3. HP: 14/31 MP: 2/2
  1203 | D:2      | Reached XP level 4. HP: 38/38 MP: 3/3
  1243 | D:2      | Noticed Robin
  1262 | D:2      | Slain by Robin

Skill      XL: |  1  2 |
---------------+-------+-----
Axes           | 4 |  4.5
Fighting       | 3 |  3.6
Dodging        | 4 |  4.3
Throwing       | |  2.0

Action                   |  1- 3 |  4- 6 || total
-------------------------+-------+-------++-------
Melee: War axe           |    80 |    17 ||    97
       Headbutt          |    13 |     1 ||    14
Throw: Throwing net      |     1 |       ||     1
 Stab: Held in net/web   |     1 |       ||     1
  Eat: Chunk             |     1 |       ||     1
Armor: Leather armour    |    15 |       ||    15
       Ring mail         |     5 |     8 ||    13
Dodge: Dodged            |    65 |    10 ||    75
